 Dungeon Crawl Stone Soup version 0.29-a0-993-g4a18f31a58 (webtiles) character file.

Game seed: 10003943072544412890

56 flotson the Sneak (level 3, -2/29 HPs)
             Began as a Demonspawn Delver on Aug 2, 2022.
             Killed from afar by Natasha (7 damage)
             ... with a magic dart
             ... on level 4 of the Dungeon.
             The game lasted 00:02:34 (855 turns).

flotson the Sneak (Demonspawn Delver)                Turns: 855, Time: 00:02:34

Health: -2/29      AC:  5    Str: 14    XL:     3   Next: 71%
Magic:  3/3        EV: 12    Int: 11    God:
Gold:   21         SH:  0    Dex: 14    Spells: 2/2 levels left

rFire   . . .      SeeInvis .   a - +0 spear
rCold   + . .      Faith    .   (no shield)
rNeg    . . .      Spirit   .   b - +0 leather armour
rPois   .          Reflect  .   (no helmet)
rElec   .          Harm     .   (no cloak)
rCorr   .          Rampage  .   (no gloves)
Will    .....                   (no boots)
Stlth   ++........              (no amulet)
HPRegen 0.09/turn               f - ring of protection from cold
MPRegen 0.08/turn               (no ring)

@: brilliant
A: claws 1, thin metallic scales 1
a: no special abilities


You were on level 4 of the Dungeon.
You visited 1 branch of the dungeon, and saw 2 of its levels.

You collected 21 gold pieces.

Inventory:

Hand Weapons
 a - a +0 spear (weapon)
Missiles
 j - 3 boomerangs (quivered)
Armour
 b - a +0 leather armour (worn)
Jewellery
 f - a ring of protection from cold (left claw)
Wands
 g - a wand of digging (3)
Scrolls
 c - a scroll of fog
 d - a scroll of identify {unknown}
 e - a scroll of fear
Potions
 k - a potion of cancellation {unknown}


   Skills:
 + Level 3.4 Fighting
 - Level 1.7 Polearms
 + Level 0.7 Throwing
 + Level 1.2 Armour
 + Level 2.3 Dodging
 - Level 4.5 Stealth
 + Level 1.3 Evocations


You had 2 spell levels left.
You didn't know any spells.
Your spell library was empty.

Dungeon Overview and Level Annotations

Branches:
Dungeon (5/15)
 Temple: D:4-7

Altars:

Annotations:
D:4 Natasha


Innate Abilities, Weirdness & Mutations

You have sharp fingernails.
You are partially covered in thin metallic scales. (AC +2)


Message History

It was a potion of brilliance.
You feel clever all of a sudden.
You feel sick.
It was a potion of heal wounds.
You feel much better.
You feel sick.
You are no longer poisoned.
Cornered, the hobgoblin turns to fight!
You barely miss the hobgoblin.
The hobgoblin hits you with a +0 long sword!
You hit the hobgoblin.
The hobgoblin is moderately wounded.
The hobgoblin hits you with a +0 long sword!
* * * LOW HITPOINT WARNING * * *
You are too injured to fight recklessly!
You are too injured to fight recklessly!
You are too injured to fight recklessly!
You are too injured to fight recklessly!
You are too injured to fight recklessly!
You are too injured to fight recklessly!
You are too injured to fight recklessly!
You closely miss the hobgoblin.
The hobgoblin is moderately wounded.
The hobgoblin hits you with a +0 long sword.
* * * LOW HITPOINT WARNING * * *
You hit the hobgoblin.
The hobgoblin is severely wounded.
Natasha mumbles some strange words.
The hobgoblin misses you.
You barely miss the hobgoblin.
The hobgoblin is severely wounded.
The hobgoblin misses you.
Okay, then.
You hit the hobgoblin but do no damage.
The hobgoblin is heavily wounded.
The hobgoblin barely misses you.
You hit the hobgoblin.
You kill the hobgoblin!
You hit Natasha but do no damage. Natasha casts a spell at you.
The magic dart hits you!
You die...

#.................#
#####.####............#
....#.# ##...........#
##.#.# ###.........#
##..#.# ###.........#
...##.#####...........#
.####.##..g.####5######
.........#### #h#
#######.## #@# #..# #.#
##.# ###.# #.# #...#
#.## #.### #..# #.#
##.## #.# #..###.#
##.##..#


You could see Natasha and a crimson imp (summoned).

Vanquished Creatures
  Natasha (D:4)
  2 adders (D:5)
  An ufetubus (D:5)
  2 orcs (D:5)
  2 hobgoblins (D:4)
  A kobold (D:4)
9 creatures vanquished.

Notes
Turn   | Place    | Note
-------+----------+-------------------------------------------
     0 | D:5      | flotson the Demonspawn Delver began the quest for the Orb.
     0 | D:5      | Reached XP level 1. HP: 18/18 MP: 1/1
    39 | D:5      | Gained mutation: You are partially covered in thin metallic
                  | scales. (AC +2) [demonic ancestry]
    39 | D:5      | Reached XP level 2. HP: 24/24 MP: 2/2
   354 | D:5      | Noticed a phantom
   406 | D:5      | Noticed an ice beast
   481 | D:4      | Noticed a killer bee
   482 | D:4      | Noticed a killer bee
   483 | D:4      | Noticed a killer bee
   485 | D:4      | Noticed a killer bee
   499 | D:5      | Reached skill level 1 in Armour
   499 | D:5      | Reached skill level 1 in Evocations
   579 | D:4      | Gained mutation: You have sharp fingernails. [demonic
                  | ancestry]
   579 | D:4      | Reached XP level 3. HP: 27/29 MP: 3/3
   687 | D:4      | Noticed Natasha
   694 | D:4      | Killed Natasha
   816 | D:4      | Noticed Natasha
   825 | D:4      | Noticed a killer bee
   855 | D:4      | Killed from afar by Natasha

Illustrated notes

Levels and vault maps discovered:
D:4:      layout_rooms, slow_altar_1, minmay_temple_entry_hall,
          minmay_close_crescents, uniq_natasha
D:5:      layout_loops_ring, kennysheep_mini, mainiacjoe_overflow_chevrons

Skill      XL: |  1  2 |
---------------+-------+-----
Dodging        | 2 |  2.3
Armour         | 1 |  1.2
Evocations     | 1 |  1.3
Fighting       | |  3.4
Polearms       | |  1.7
Throwing       | |  0.7
Stealth        | |  4.5

Action                   || total
-------------------------++-------
Melee: Spear             ||    51
  Use: Scroll            ||     3
       Potion            ||     3
 Stab: Sleeping          ||     4
Armor: Leather armour    ||     9
Dodge: Dodged            ||    24

Table legend: (Time is in decaauts)
 A = Elapsed time spent in this place.
 B = Non-inter-level travel time spent in this place.
 C = Inter-level travel time spent in this place.
 D = Time resting spent in this place.
 E = Time spent auto-exploring this place.
 F = Levels seen in this place.
 G = Mean time per level.
                   A        B        C        D        E       F      G
               +--------+--------+--------+--------+--------+-----+--------+
         Total |    836 |    790 |     46 |    115 |    454 |   2 |  418.0 |
       Dungeon |    836 |    790 |     46 |    115 |    454 |   2 |  418.0 |
               +--------+--------+--------+--------+--------+-----+--------+

Top non-repeatable levels by time:
     D:5: 495 daAuts
     D:4: 341 daAuts
